 Dungeon Crawl Stone Soup version 0.23.1-37-gaa34b87b72 (webtiles) character file.

Game seed: 10032749696510021936

241712 darator the Tortoise (level 19, -2/128 HPs)
             Began as a Gargoyle Fighter on Mar 23, 2019.
             Was the Champion of Makhleb.
             Killed from afar by a deep elf sorcerer (26 damage)
             ... with damnation
             ... on level 3 of the Elven Halls on Mar 25, 2019.
             The game lasted 03:01:16 (42533 turns).

darator the Tortoise (Gargoyle Fighter)            Turns: 42533, Time: 03:01:17

Health: -2/128     AC: 43    Str: 30    XL:     19   Next: 82%
Magic:  19/19      EV: 12    Int: 10    God:    Makhleb [******]
Gold:   1145       SH: 22    Dex:  9    Spells: 18/18 levels left

rFire    + + .     SeeInvis .   E - +7 eveningstar (freeze)
rCold    + . .     Gourm    .   r - +0 large shield
rNeg     + . .     Faith    .   y - +4 plate armour {MR+}
rPois    ∞         Spirit   .   Y - +2 helmet
rElec    +         Reflect  .   D - scarf {rC+ rF+}
rCorr    .         Harm     .   i - +2 pair of gloves
MR       ++...                  g - +2 pair of boots of the Assassin {Detection Stab+ Stlth++}
Stlth    ..........             l - amulet of regeneration
HPRegen  0.71/turn              o - +3 ring of strength
MPRegen  0.16/turn              x - ring of protection from fire

@: about to teleport, corroded, flying, very slightly contaminated
A: big wings, negative energy resistance 1, electricity resistance, unbreathing,
petrification resistance, rot immunity, AC +14
}: 1/15 runes: gossamer
a: Stop Flying, Minor Destruction, Lesser Servant of Makhleb, Major Destruction,
Greater Servant of Makhleb, Renounce Religion


You were on level 3 of the Elven Halls.
You worshipped Makhleb.
Makhleb was exalted by your worship.
You were not hungry.

You visited 7 branches of the dungeon, and saw 35 of its levels.

You collected 3204 gold pieces.
You spent 2059 gold pieces at shops.

Inventory:

Hand Weapons
 E - a +7 eveningstar of freezing (weapon)
Armour
 g - the +2 pair of boots of the Assassin (worn) {Detection Stab+ Stlth++}
   (You found it on level 4 of the Dungeon)

   It makes you much more stealthy.
 i - a +2 pair of gloves (worn)
 r - a +0 large shield (worn)
 w - +1 fire dragon scales
 y - a +4 plate armour of magic resistance (worn)
 B - a +2 cloak of magic resistance
 D - a scarf of resistance (worn)
 Y - a +2 helmet (worn)
Magical Staves
 P - an uncursed staff of fire
Jewellery
 l - an amulet of regeneration (around neck)
 o - a +3 ring of strength (left hand)
 x - a ring of protection from fire (right hand)
 T - an uncursed ring of ice
Wands
 c - a wand of scattershot (6)
 k - a wand of acid (16)
 q - a wand of disintegration (12)
 A - a wand of polymorph (18)
 G - a wand of iceblast (11)
 J - a wand of paralysis (33)
 S - a wand of flame (56)
Scrolls
 e - 2 scrolls of fog
 n - 2 scrolls of blinking
 p - 2 scrolls of magic mapping
 t - 10 scrolls of teleportation
 v - 13 scrolls of remove curse
 F - 4 scrolls of immolation
 I - 5 scrolls of amnesia
 K - a scroll of silence
 O - 3 scrolls of fear
 R - a scroll of brand weapon
 Z - 6 scrolls of identify
Potions
 a - a potion of brilliance
 b - 4 potions of heal wounds
 d - 2 potions of might
 h - 7 potions of lignification
 m - 18 potions of curing
 s - 9 potions of ambrosia
 u - 8 potions of invisibility
 z - 6 potions of agility
 C - 4 potions of berserk rage
 H - 6 potions of cancellation
 L - 6 potions of haste
 Q - a potion of mutation
 U - 2 potions of magic
 W - 4 potions of resistance
Miscellaneous
 j - 3 sacks of spiders
 N - a lightning rod (4/4)
 V - a box of beasts
Comestibles
 f - 50 rations


   Skills:
 + Level 17.4 Fighting
 * Level 15.1 Maces & Flails
 + Level 17.4 Armour
 - Level 12.0 Dodging
 + Level 17.4 Shields


You had 18 spell levels left.
You didn't know any spells.
Your spell library contained the following spells:

 Spells                   Type           Power        Failure   Level  Hunger
 Apportation              Tloc           #.....       99%         1    ##.....
 Beastly Appendage        Tmut           #.....       99%         1    ##.....
 Confusing Touch          Hex            #.....       99%         1    ##.....
 Summon Butterflies       Summ           #.......     99%         1    ##.....
 Poisonous Vapours        Pois/Air       #.....       100%        2    ###....
 Sticks to Snakes         Tmut           #.......     100%        2    ###....
 Confuse                  Hex            #.......     100%        3    ####...
 Conjure Flame            Conj/Fire      #.......     100%        3    ####...
 Gell's Gravitas          Tloc           #.........   100%        3    ####...
 Lesser Beckoning         Tloc           #.........   100%        3    ####...
 Mephitic Cloud           Conj/Pois/Air  #.......     100%        3    ####...
 Recall                   Summ/Tloc      N/A          100%        3    ####...
 Spider Form              Tmut/Pois      #.........   100%        3    ####...
 Tukima's Dance           Hex            #.......     100%        3    ####...
 Animate Dead             Necr           N/A          100%        4    #####..
 Ice Form                 Ice/Tmut       #.......     100%        4    #####..
 Leda's Liquefaction      Hex/Erth       #.........   100%        4    #####..
 Petrify                  Tmut/Erth      #.......     100%        4    #####..
 Summon Lightning Spire   Summ/Air       #.......     100%        4    #####..
 Alistair's Intoxication  Tmut/Pois      #.......     100%        5    ######.
 Blade Hands              Tmut           #.........   100%        5    ######.
 Bolt of Magma            Conj/Fire/Erth #.........   100%        5    ######.
 Borgnjor's Vile Clutch   Necr/Erth      #.........   100%        5    ######.
 Excruciating Wounds      Chrm/Necr      #.........   100%        5    ######.
 Iskenderun's Battlesphe  Conj/Chrm      #.......     100%        5    ######.
 Metabolic Englaciation   Hex/Ice        #.........   100%        5    ######.
 Silence                  Hex/Air        #.........   100%        5    ######.
 Venom Bolt               Conj/Pois      #.........   100%        5    ######.
 Yara's Violent Unravell  Hex/Tmut       #.........   100%        5    ######.
 Conjure Ball Lightning   Conj/Air       #.........   100%        6    #######
 Death Channel            Necr           #.........   100%        6    #######
 Deflect Missiles         Chrm/Air       #.........   100%        6    #######
 Freezing Cloud           Conj/Ice/Air   #.........   100%        6    #######
 Invisibility             Hex            #.......     100%        6    #######
 Iron Shot                Conj/Erth      #.........   100%        6    #######
 Simulacrum               Ice/Necr       #.........   100%        6    #######
 Orb of Destruction       Conj           #.........   100%        7    #######
 Ring of Flames           Chrm/Fire      #.........   100%        7    #######
 Spellforged Servitor     Conj/Summ      #.........   100%        7    #######
 Shatter                  Erth           #.........   100%        9    #######
 Tornado                  Air            #.........   100%        9    #######
 Sublimation of Blood     Necr           Unusable     N/A         2    N/A
 Statue Form              Tmut/Erth      Unusable     N/A         6    N/A

Dungeon Overview and Level Annotations

Branches:
Dungeon (15/15)            Temple (1/1) D:7            Lair (6/6) D:11
  Swamp (4/4) Lair:3       Spider (4/4) Lair:4        Slime (0/5) Lair:5
    Orc (2/2) D:11            Elf (3/3) Orc:2        Vaults (0/5) D:14
 Depths: D:15

Altars:
Ashenzari
Cheibriados
Dithmenos
Elyvilon
Gozag
Hepliaklqana
Kikubaaqudgha
Makhleb
Okawaru
Qazlal
Ru
Sif Muna
Trog
Uskayaw
Vehumet
Wu Jian
Xom
Yredelemnul
Zin
The Shining One
Beogh
Jiyva

Shops:
D:13 [!*!   Orc:1 !   Orc:2 =[?(   Elf:2 }   Elf:3 }===

Annotations:
D:2 1 runed translucent door, Crazy Yiuf
D:10 exclusion: ice statue
D:15 Jorgrun
Lair:2 3 runed translucent doors, Kicenn's ghost, journeyman DrTm
Lair:5 exclusion: oklob plant
Lair:6 2 transporters, Qounk's ghost, journeyman DEFE
Swamp:1 2 transporters
Swamp:4 Lernaean hydra


Innate Abilities, Weirdness & Mutations

You are resistant to torment.
Your stone body is resilient. (AC +14)
You are immune to poison.
Your large and strong wings let you fly indefinitely.
You resist negative energy. (rN+)
You are resistant to electric shocks. (rElec)
You can survive without breathing.
You are immune to petrification.
You are immune to rotting.


Message History

New annotation for Elf:3 (include '!' for warning):
Okay, then.
You are corroded.
You are flying.
Your flying speed is average.
Your attack speed is quite fast (and is slowed by your insufficient shield skill).
Your base attributes are Str 27, Int 10, Dex 9.
Unknown command.
Remove which piece of jewellery? (? for menu, Esc to quit)
Okay, then.
Blink to where?
Press: ? - help, Dir - move target cursor You are very lightly contaminated with residual magic.
As you read the scroll of blinking, it crumbles to dust.
The deep elf sorcerer casts a spell at you.
The sphere of damnation explodes!
The damnation engulfs you!!
* * * LOW HITPOINT WARNING * * *
As you read the scroll of teleportation, it crumbles to dust.
You feel strangely unstable.
The deep elf sorcerer casts a spell at you.
The sphere of damnation explodes!
The damnation engulfs you!!
You die...

##...#...#..#≈≈.....
#....#...#..#≈≈....#
##...2#...#..#≈≈....#
#.....#...#..#≈≈....#
##e#...#...#..#≈≈....#
##..##..#...#..#≈≈....)
###....##)#...'..#≈≈....#
#.......#.#...#).#≈≈....#
#....#.(..@)###'#))#≈≈....# ....
##.....#...'..#≈≈....#
......##........#..#≈≈....# ..
.............#..#≈≈....#
################..#...#..#≈≈....#
....#......#.........##)'#≈≈≈....
..(.'......'.)......##...##≈≈...#
....#......#..)....##.....##≈≈..#
'#####+#######'#####.......#≈≈..#


You could see a deep elf sorcerer and a hellion.

Vanquished Creatures
  Arachne (Spider:2)
  Rupert (D:13)
  A sphinx (Elf:1)
  Kirke (D:14)
  3 deep elf sorcerers (Elf:3)
  4 ghost moths (Spider:4)
  3 emperor scorpions
  Aizul (Elf:1)
  2 deep elf elementalists (Elf:3)
  4 entropy weavers
  Nessos (D:13)
  4 spark wasps
  4 dire elephants (Lair:6)
  2 deep elf annihilators (Elf:3)
  3 deep elf death magi
  3 fire dragons (Elf:2)
  4 vault guards (D:14)
  A hell beast (Elf:2)
  22 hydras
  3 centaur warriors
  An anaconda (Lair:6)
  4 death yaks (Lair:5)
  26 dancing weapons
  9 alligators
  12 two-headed ogres
  2 orc high priests
  2 ogre magi (Orc:1)
  Urug (D:11)
  6 hell knights
  A shock serpent (shapeshifter) (Elf:2)
  6 spriggans
  13 deep elf knights
  2 deep trolls
  A fire crab (Lair:4)
  An unseen horror (D:14)
  An unseen horror (shapeshifter) (D:13)
  2 spriggan druids (Swamp:3)
  3 swamp dragons
  8 deep elf archers
  Pikel (D:5)
  A wizard (Elf:2)
  An orc knight (D:11)
  A harpy (shapeshifter) (Elf:2)
  11 orb spiders
  2 harpies (Elf:2)
  3 necromancers
  48 deep elf magi
  12 ugly things
  32 wolf spiders
  A salamander (shapeshifter) (D:14)
  2 cyclopes (Orc:2)
  10 large abominations
  2 orc sorcerers
  9 manticores
  2 moths of wrath (Spider:4)
  12 elephants
  5 black mambas
  5 spiny frogs
  3 torpor snails
  5 centaur skeletons
  A rime drake (Lair:6)
  3 freezing wraiths (Spider:4)
  4 komodo dragons
  11 demonic crawlers
  3 meliai (D:14)
  A tengu conjurer (D:14)
  34 jumping spiders
  Grinder (D:3)
  3 polar bears (Lair:6)
  13 trolls
  12 hornets
  7 bog bodies
  Prince Ribbit (D:6)
  10 tyrant leeches
  10 dream sheep
  15 slime creatures
  7 hippogriffs
  A hippogriff (shapeshifter) (Elf:2)
  7 blink frogs
  24 tarantellas
  39 redbacks
  A wraith (D:11)
  5 shadows
  35 yaks
  2 fire elementals
  A hungry ghost (D:10)
  Grum (D:8)
  2 wyverns
  7 humans (D:14)
  12 vampire mosquitoes
  2 hogs
  A steam dragon (D:12)
  3 wargs (Orc:1)
  11 swamp worms
  Menkaure (D:4)
  13 insubstantial wisps
  8 water moccasins
  Edmund (D:5)
  An acid dragon (D:12)
  A floating eye (shapeshifter) (Elf:1)
  10 hell hounds
  8 porcupines
  3 ice beasts
  Purgy (D:4)
  12 swamp drakes
  13 orc warriors
  10 sky beasts
  A necrophage (D:11)
  A black bear (D:11)
  26 ogres
  3 phantoms
  An eye of draining (D:14)
  4 centaurs
  14 wolves
  13 crocodiles
  6 big kobolds
  15 bullfrogs
  7 small abominations (Elf:2)
  5 earth elementals
  5 elf zombies (Elf:1)
  Blork the orc (D:6)
  2 wyvern skeletons
  3 scorpions
  19 killer bees
  3 howler monkeys
  10 wights (D:8)
  An electric eel (Elf:3)
  3 centaur zombies
  4 crimson imps
  2 lava snakes (D:10)
  2 bullfrog zombies
  6 hounds
  11 orc priests
  2 jellies
  2 bullfrog skeletons
  A gnoll shaman (D:9)
  Jessica (D:2)
  2 iguanas
  Ijyb (D:3)
  22 orc wizards
  12 hell rats
  10 worker ants
  2 hound zombies
  3 worker ant zombies
  Robin (D:4)
  10 gnolls
  11 adders
  5 river rats (D:5)
  An adder zombie (D:5)
  A dart slug (D:2)
  3 leopard geckos
  62 orcs
  A ball python (D:2)
  8 giant cockroaches
  12 goblins
  12 hobgoblins
  9 jackals
  5 quokkas
  6 bats
  2 frilled lizards
  A giant cockroach zombie (D:5)
  A jackal skeleton (D:6)
  21 kobolds
  A quokka zombie (D:8)
  24 rats
  6 plants (Lair:6)
1138 creatures vanquished.

Vanquished Creatures (others)
  A vault guard (D:14)
  2 deep elf knights (Elf:2)
  A polar bear (Lair:3)
  A redback (Spider:4)
  A tarantella (Spider:2)
  A hornet zombie (D:15)
  A scorpion (D:5)
  A hound (D:5)
  An orc wizard (D:7)
  A goblin (D:4)
  2 fungi
  2 plants
15 creatures vanquished.

Grand Total: 1153 creatures vanquished

Notes
Turn   | Place    | Note
-------+----------+-------------------------------------------
     0 | D:1      | darator the Gargoyle Fighter began the quest for the Orb.
     0 | D:1      | Reached XP level 1. HP: 14/14 MP: 1/1
   144 | D:1      | Reached XP level 2. HP: 19/19 MP: 2/2
   861 | D:2      | Reached XP level 3. HP: 23/23 MP: 3/3
   876 | D:2      | Noticed Jessica
   918 | D:2      | Killed Jessica
   918 | D:2      | Reached XP level 4. HP: 21/29 MP: 4/4
  1326 | D:2      | Found an iron altar of Okawaru.
  1482 | D:2      | Found a runed translucent door.
  1483 | D:2      | Noticed Crazy Yiuf
  1849 | D:3      | Reached XP level 5. HP: 23/33 MP: 5/5
  1956 | D:3      | Noticed Grinder
  1964 | D:3      | Paralysed by Grinder for 6 turns
  1974 | D:3      | Paralysed by Grinder for 4 turns
  2116 | D:3      | Found a deep blue altar of Sif Muna.
  2380 | D:3      | Paralysed by Grinder for 6 turns
  2389 | D:3      | Paralysed by Grinder for 3 turns
  2403 | D:3      | Paralysed by Grinder for 6 turns
  2428 | D:3      | Paralysed by Grinder for 7 turns
  2437 | D:3      | Paralysed by Grinder for 6 turns
  2447 | D:3      | Paralysed by Grinder for 3 turns
  2465 | D:3      | Killed Grinder
  2465 | D:3      | Reached XP level 6. HP: 18/39 MP: 6/6
  2699 | D:3      | Reached XP level 7. HP: 41/44 MP: 7/7
  2704 | D:3      | Noticed Ijyb
  2755 | D:3      | Killed Ijyb
  2779 | D:3      | Reached skill level 5 in Maces & Flails
  2940 | D:3      | Found an opulent altar of Gozag.
  3068 | D:4      | Found a stormy altar of Qazlal.
  3068 | D:4      | Noticed Menkaure
  3192 | D:4      | Found the +2 pair of boots of the Assassin {Detection Stab+
                  | Stlth++}
  3301 | D:4      | Found a glowing golden altar of the Shining One.
  3324 | D:4      | Noticed Purgy
  3395 | D:4      | Killed Menkaure
  3395 | D:4      | Reached skill level 5 in Fighting
  3395 | D:4      | Reached skill level 5 in Armour
  3395 | D:4      | Reached skill level 5 in Shields
  3441 | D:4      | Killed Purgy
  3476 | D:4      | Noticed Robin
  3484 | D:4      | Killed Robin
  3845 | D:5      | Entered Level 5 of the Dungeon
  3968 | D:5      | Reached XP level 8. HP: 46/49 MP: 8/8
  4470 | D:5      | Noticed Pikel
  4491 | D:5      | Killed Pikel
  4491 | D:5      | Reached XP level 9. HP: 38/56 MP: 9/9
  4777 | D:5      | Found a snail-covered altar of Cheibriados.
  4778 | D:5      | Found a bloodstained altar of Trog.
  4778 | D:5      | Found a stormy altar of Qazlal.
  5397 | D:6      | Noticed Edmund
  5469 | D:5      | Killed Edmund
  5490 | D:6      | Noticed Prince Ribbit
  5525 | D:6      | Killed Prince Ribbit
  5746 | D:6      | Found a shimmering altar of Xom.
  5760 | D:6      | Noticed Blork the orc
  5769 | D:6      | Killed Blork the orc
  6142 | D:7      | Found a staircase to the Ecumenical Temple.
  6166 | Temple   | Entered the Ecumenical Temple
  6385 | Temple   | Became a worshipper of Makhleb the Destroyer
  6807 | D:7      | Reached XP level 10. HP: 63/63 MP: 10/10
  7504 | D:8      | Reached * piety under Makhleb
  7558 | D:8      | Found a hide-covered altar of Uskayaw.
  7873 | D:8      | Noticed Grum
  8035 | D:8      | Found a glowing silver altar of Zin.
  8047 | D:8      | Found a radiant altar of Vehumet.
  8135 | D:8      | Killed Grum
  8149 | D:8      | Reached skill level 10 in Maces & Flails
  8437 | D:8      | Reached ** piety under Makhleb
  9014 | D:9      | Reached XP level 11. HP: 69/69 MP: 11/11
  9083 | D:9      | Noticed a two-headed hydra
  9094 | D:9      | Killed a two-headed hydra
  9166 | D:10     | Entered Level 10 of the Dungeon
 10289 | D:11     | Reached *** piety under Makhleb
 10384 | D:11     | Found a staircase to the Lair.
 10693 | D:11     | Noticed Urug
 10747 | D:11     | Killed Urug
 10764 | D:11     | Noticed a two-headed ogre
 10774 | D:11     | Killed a two-headed ogre
 10823 | D:11     | Reached XP level 12. HP: 77/77 MP: 12/12
 10845 | D:11     | Reached skill level 10 in Armour
 10972 | D:11     | Reached skill level 10 in Fighting
 11004 | D:11     | Reached skill level 10 in Shields
 11256 | D:11     | Found a staircase to the Orcish Mines.
 11257 | D:11     | Noticed a centaur warrior
 11273 | D:11     | Killed a centaur warrior
 11285 | D:11     | Reached **** piety under Makhleb
 11794 | D:12     | Got a fine leather armour
 11950 | D:12     | Identified the cursed +1 leather armour of Orthodoxy {rF-
                  | Regen+ Str+2} (You found it on level 12 of the Dungeon)
 12289 | D:12     | Reached ***** piety under Makhleb
 12498 | D:13     | Noticed a centaur warrior
 12520 | D:13     | Killed a centaur warrior
 12664 | D:13     | Noticed Rupert
 12712 | D:13     | Paralysed by Rupert for 2 turns
 12718 | D:13     | Paralysed by Rupert for 7 turns
 12731 | D:13     | Killed Rupert
 12731 | D:13     | Reached XP level 13. HP: 63/85 MP: 13/13
 13185 | D:13     | Noticed Nessos
 13233 | D:13     | Killed Nessos
 13296 | D:13     | Found Ekual's Armour Shoppe.
 13297 | D:13     | Found Nithre Rats's Distillery.
 13297 | D:13     | Found Upnasmoi's Distillery.
 13300 | D:13     | Found Peizaehane's General Store.
 13314 | D:13     | Bought a scroll of teleportation for 54 gold pieces
 13317 | D:13     | Bought a +1 cloak of magic resistance for 214 gold pieces
 14110 | D:14     | Killed a vault guard
 14115 | D:14     | Reached skill level 5 in Dodging
 14115 | D:14     | Gained mutation: Your large and strong wings let you fly
                  | indefinitely. [Gargoyle growth]
 14115 | D:14     | Reached XP level 14. HP: 92/92 MP: 14/14
 15104 | D:14     | Found a gate to the Vaults.
 16039 | D:15     | Entered Level 15 of the Dungeon
 16150 | Orc:1    | Entered Level 1 of the Orcish Mines
 16587 | Orc:2    | Entered Level 2 of the Orcish Mines
 16834 | Orc:1    | Reached XP level 15. HP: 70/98 MP: 15/15
 16972 | Orc:2    | Reached ****** piety under Makhleb
 17582 | Orc:2    | Found a staircase to the Elven Halls.
 17843 | Orc:2    | Found Ahook's Weapon Shoppe.
 17848 | Orc:2    | Found Keptesk's Magic Scroll Boutique.
 17862 | Orc:2    | Found Ukkaat's Antique Armour Emporium.
 17863 | Orc:2    | Found Apagacs's Jewellery Shoppe.
 17908 | Orc:2    | Found a roughly hewn altar of Beogh.
 18294 | Orc:1    | Found Catewen's Distillery.
 18446 | Orc:1    | Bought a potion of resistance for 120 gold pieces
 18481 | Orc:2    | Bought a scroll of teleportation for 48 gold pieces
 18481 | Orc:2    | Bought a scroll of teleportation for 48 gold pieces
 18481 | Orc:2    | Bought a scroll of brand weapon for 320 gold pieces
 18587 | Lair:1   | Entered Level 1 of the Lair of Beasts
 19574 | Lair:2   | Found a runed translucent gate.
 19574 | Lair:2   | Found a runed translucent gate.
 19574 | Lair:2   | Found a runed translucent gate.
 19579 | Lair:2   | Noticed Kicenn's ghost (journeyman DrTm)
 19601 | Lair:2   | Found a viscous altar of Jiyva.
 20811 | Lair:3   | Found a staircase to the Swamp.
 22099 | Lair:4   | Found a hole to the Spider Nest.
 22257 | Lair:5   | Found the +3 robe of Folly {Archmagi, MR-- Int+5}
 22770 | Lair:5   | Found an iron altar of Okawaru.
 22973 | Lair:5   | Found a staircase to the Slime Pits.
 23481 | Lair:6   | Entered Level 6 of the Lair of Beasts
 23665 | Lair:6   | Got a scorched dagger
 23666 | Lair:6   | Identified the +7 dagger of the Traitor {pierce, rPois rF-
                  | rC++ SInv} (You found it on level 6 of the Lair of Beasts)
 23840 | Lair:6   | Reached XP level 16. HP: 103/107 MP: 16/16
 23932 | Lair:6   | Identified the +3 ring mail of Qaoxt {rC+ Dex+7} (You found
                  | it on level 6 of the Lair of Beasts)
 24172 | Lair:6   | Found a transporter.
 24175 | Lair:6   | Noticed Qounk's ghost (journeyman DEFE)
 24308 | Lair:6   | Found a transporter.
 25614 | Elf:1    | Entered Level 1 of the Elven Halls
 26766 | Elf:1    | Identified the +7 falchion of Objectivity {slice, *Slow
                  | MR++}
 26854 | Elf:1    | Reached skill level 15 in Armour
 26943 | Elf:1    | Reached skill level 15 in Fighting
 27001 | Elf:1    | Reached skill level 15 in Shields
 27050 | Elf:1    | Identified the Almanac of Necromancy
 27372 | Elf:1    | Noticed Aizul
 27488 | Elf:1    | Killed Aizul
 28188 | Elf:2    | Noticed a sphinx
 28289 | Elf:1    | Killed a sphinx
 28510 | Elf:2    | Reached XP level 17. HP: 106/113 MP: 17/17
 28745 | Elf:2    | Found Udegaf's Gadget Boutique.
 28895 | Elf:2    | Reached skill level 10 in Dodging
 29345 | Elf:2    | Found a runed translucent gate.
 29346 | Elf:2    | Found a runed translucent gate.
 29351 | Elf:2    | Found a runed translucent gate.
 29844 | Elf:2    | Identified the ring of Omioch {MP+9 Int+3} (You found it on
                  | level 2 of the Elven Halls)
 31706 | Elf:3    | Entered Level 3 of the Elven Halls
 31946 | Swamp:1  | Entered Level 1 of the Swamp
 31946 | Swamp:1  | Found a transporter.
 32461 | Swamp:1  | Found a transporter.
 33059 | Swamp:2  | Reached XP level 18. HP: 120/120 MP: 18/18
 34273 | Swamp:4  | Entered Level 4 of the Swamp
 34521 | Swamp:4  | Noticed the 27-headed Lernaean hydra
 34866 | Spider:1 | Entered Level 1 of the Spider Nest
 35460 | Spider:2 | Got a transparent chain mail
 35481 | Spider:1 | Identified the +1 chain mail of the Mackerel {Dex+2} (You
                  | found it on level 2 of the Spider Nest)
 36331 | Spider:2 | Got a polished lajatang
 37563 | Spider:4 | Entered Level 4 of the Spider Nest
 37577 | Spider:4 | Noticed Arachne
 37697 | Spider:2 | Killed Arachne
 37954 | Orc:2    | Bought an uncursed ring of ice for 375 gold pieces
 37965 | Orc:2    | Bought a scroll of teleportation for 48 gold pieces
 37965 | Orc:2    | Bought a scroll of acquirement for 832 gold pieces
 38221 | Spider:4 | Found a frozen archway.
 38651 | Spider:4 | Reached XP level 19. HP: 124/127 MP: 19/19
 39768 | Spider:4 | Got a gossamer rune of Zot
 40395 | D:15     | Noticed Jorgrun
 40587 | D:15     | Noticed Kirke
 40687 | D:14     | Killed Kirke
 41852 | Elf:3    | Found Xafamp's Gadget Shop.
 41853 | Elf:3    | Found Dovarusm's Jewellery Emporium.
 41854 | Elf:3    | Found Hanoyloo's Jewellery Emporium.
 41897 | Elf:3    | Found Oskeila's Jewellery Shoppe.
 42402 | Elf:3    | Reached skill level 15 in Maces & Flails
 42533 | Elf:3    | Killed from afar by a deep elf sorcerer

Skill      XL: |  1  2  3  4  5  6  7  8  9 10 11 12 13 14 15 16 17 18 19 |
---------------+----------------------------------------------------------+-----
Maces & Flails | 3 4 5 7 9 10 12 14 15 | 15.1
Fighting       | 4 5 6 7 8 9 11 12 13 14 15 16 17 | 17.4
Armour         | 4 5 6 7 8 9 11 12 13 14 15 16 17 | 17.4
Shields        | 4 5 6 7 8 9 11 12 13 14 15 16 17 | 17.4
Dodging        | 5 6 8 9 10 11 12 | 12.0

Action                   |  1- 3 |  4- 6 |  7- 9 | 10-12 | 13-15 | 16-18 | 19-21 || total
-------------------------+-------+-------+-------+-------+-------+-------+-------++-------
Melee: Flail             |    67 |   166 |   231 |   132 |       |    35 |       ||   631
       Unarmed           |       |       |    13 |       |       |       |       ||    13
       Whip              |       |       |   326 |  1673 |  2922 |  3545 |       ||  8466
       Eveningstar       |       |       |       |       |       |  1039 |   475 ||  1514
Throw: Stone             |    17 |     5 |     1 |       |       |       |       ||    23
       Javelin           |       |       |       |     2 |       |       |       ||     2
       Tomahawk          |       |       |       |       |       |     3 |       ||     3
 Abil: Fly               |       |       |       |       |     1 |       |       ||     1
Evoke: Sack of spiders   |       |       |       |     1 |       |       |       ||     1
  Use: Scroll            |       |       |    20 |     9 |     8 |    22 |     4 ||    63
       Potion            |       |       |       |     2 |     2 |     7 |     2 ||    13
 Stab: Sleeping          |       |       |     3 |     1 |     2 |       |       ||     6
       Confused          |       |       |       |       |     2 |     2 |       ||     4
       Held in net/web   |       |       |       |       |       |     2 |       ||     2
  Eat: Chunk             |       |     5 |    13 |    13 |    24 |    17 |     2 ||    74
       Ration            |       |       |     1 |     3 |     4 |    11 |     3 ||    22
Armor: Scale mail        |    38 |    32 |       |       |       |       |       ||    70
       Fire dragon scale |       |   100 |   255 |   141 |   547 |       |       ||  1043
       Skin              |       |       |     1 |       |       |       |       ||     1
       Chain mail        |       |       |     4 |       |       |       |       ||     4
       Plate armour      |       |       |       |   577 |   493 |  2213 |   429 ||  3712
Dodge: Dodged            |    22 |    54 |   120 |   194 |   509 |  1055 |   181 ||  2135
Block: Shield            |    47 |   104 |   224 |   201 |       |       |       ||   576
       Large shield      |       |       |       |   944 |  2181 |  4137 |   600 ||  7862
